 Dungeon Crawl Stone Soup version 0.21.1-1-g345015f (webtiles) character file.

1530 raistware the Magician (level 8, -11/52 HPs)
             Began as a Mummy Wizard on Apr 18, 2018.
             Was a Believer of Sif Muna.
             Mangled by a wight
             ... wielding a +5 halberd
              (19 damage)
             ... on level 6 of the Dungeon.
             The game lasted 00:28:21 (6471 turns).

raistware the Magician (Mummy Wizard)               Turns: 6471, Time: 00:28:22

Health: -11/52     AC:  6    Str: 11    XL:     8   Next: 55%
Magic:  18/28      EV: 12    Int: 19    God:    Sif Muna [**....]
Gold:   226        SH:  0    Dex: 10    Spells: 8/22 levels left

rFire    . . .     SeeInvis .   f - +0 whip
rCold    + . .     Gourm    .   (no shield)
rNeg     + + +     Faith    .   a - +0 robe
rPois    ∞         Spirit   .   b - +1 hat
rElec    .         Reflect  .   (no cloak)
rCorr    .         Harm     .   i - +2 pair of gloves
MR       +....                  (no boots)
Stlth    ++........             (no amulet)
HPRegen  0.17/turn              o - ring of protection from fire
MPRegen  0.21/turn              s - ring of magical power

@: no status effects
A: no food or potions, fire vulnerability, cold resistance 1, negative energy
resistance 3, torment resistance, unbreathing
a: Divine Energy, Renounce Religion


You were on level 6 of the Dungeon.
You worshipped Sif Muna.
Sif Muna was pleased with you.
You were not hungry.

You visited 1 branch of the dungeon, and saw 6 of its levels.
You also visited: Sewer.

You collected 226 gold pieces.

Inventory:

Hand Weapons
 f - a +0 whip (weapon)
 g - a +1 vampiric dagger
 w - a +2 flail of holy wrath
Missiles
 u - a throwing net (quivered)
Armour
 a - a +0 robe (worn)
 b - a +1 hat (worn)
 i - a +2 pair of gloves (worn)
Jewellery
 d - an uncursed ring of see invisible
 l - a +1 ring of protection
 o - a ring of protection from fire (left hand)
 s - a ring of magical power (right hand)
 z - an uncursed ring of poison resistance {unknown}
Wands
 m - a wand of clouds (8)
 t - a wand of iceblast (7)
Scrolls
 h - a scroll of enchant weapon {unknown}
 j - 7 scrolls of identify {unknown}
 k - a scroll of random uselessness {unknown}
 n - a scroll of immolation {unknown}
 q - 4 scrolls of remove curse {unknown}
 r - 2 scrolls of amnesia {unknown}
 v - a scroll of teleportation {unknown}
 x - a scroll of fear {unknown}
 y - a scroll of fog {unknown}
Books
 c - a book of Minor Magic

   Spells                             Type                      Level
   a - Magic Dart                     Conjuration                  1
   b - Blink                          Translocation                2
   c - Call Imp                       Summoning                    2
   d - Slow                           Hexes                        2
   e - Conjure Flame                  Conjuration/Fire             3
   f - Mephitic Cloud                 Conjuration/Poison/Air       3
 e - a book of Changes

   Spells                             Type                      Level
   a - Beastly Appendage              Transmutation                1
   b - Sticks to Snakes               Transmutation                2
   c - Spider Form                    Transmutation/Poison         3
   d - Ice Form                       Ice/Transmutation            4
   e - Blade Hands                    Transmutation                5
 p - a book of Misfortune

   Spells                             Type                      Level
   a - Confusing Touch                Hexes                        1
   b - Confuse                        Hexes                        3
   c - Gell's Gravitas                Translocation                3
   d - Petrify                        Transmutation/Earth          4
   e - Metabolic Englaciation         Hexes/Ice                    5
   f - Yara's Violent Unravelling     Hexes/Transmutation          5


   Skills:
 - Level 1.5 Dodging
 - Level 1.5 Stealth
 + Level 7.7 Spellcasting
 * Level 7.1 Conjurations
 - Level 0.7 Summonings
 - Level 0.7 Translocations
 + Level 2.7 Fire Magic


You had 8 spell levels left.
You knew the following spells:

 Your Spells              Type           Power        Failure   Level  Hunger
a - Magic Dart            Conj           ####         1%          1    N/A
b - Blink                 Tloc           N/A          11%         2    N/A
c - Call Imp              Summ           ##......     11%         2    N/A
d - Conjure Flame         Conj/Fire      ####....     3%          3    N/A
e - Mephitic Cloud        Conj/Pois/Air  ###.....     11%         3    N/A
f - Confuse               Hex            #.......     28%         3    N/A

Dungeon Overview and Level Annotations

Branches:
Dungeon (6/15)
 Temple: D:4-7

Altars:
Cheibriados
Sif Muna
Uskayaw
Vehumet
Xom

Annotations:
D:6 Dowan


Innate Abilities, Weirdness & Mutations

You do not eat or drink.
Your flesh is vulnerable to fire.
You are immune to poison.
Your flesh is cold resistant. (rC+)
You are immune to negative energy. (rN+++)
You are immune to unholy pain and torment.
You can survive without breathing.


Message History

Your crimson imp hits the wight but does no damage.
Casting: Magic Dart
Confirm with . or Enter, or press ? or * to list all spells.
Aiming: Magic Dart
Press: ? - help, Shift-Dir - straight line, f/p - wight
Aim: a wight, wielding an enchanted halberd and wearing a robe (lightly damaged)
Okay, then.
Press: ? - help, v - describe, . - travel
Here: a wight, wielding an enchanted halberd and wearing a robe (lightly damaged)
The floor.
Your crimson imp blinks!
Casting: Magic Dart
Confirm with . or Enter, or press ? or * to list all spells.
You blink.
You start resting.
Casting: Blink
Confirm with . or Enter, or press ? or * to list all spells.
You blink.
The wight hits you from afar with an enchanted halberd!!
You die...

####### #......
#...... #....#.
#.../.. #####
#########..#._. #
...#
#...)....)..... #.
#.###.#######....#.
<.#####.@5z...#
#....(.
#.!.......#§#.#
#..####
#.##.##...#.#.#
#..# #.........5.#
# #...
#.##.<#..#### ##.##
##.#..# #.# #.#....
....##... #.#..
.....


You could see a wight and 2 friendly crimson imps.

Vanquished Creatures
  The ghost of Squonk the Chiller, a novice BaIE of Sif Muna (D:5)
  Edmund (D:5)
  3 big kobolds (Sewer)
  A bullfrog (D:2)
  A water moccasin skeleton (D:5)
  A scorpion (D:4)
  3 wights (D:6)
  A howler monkey (D:4)
  A crimson imp (D:5)
  2 hounds (D:4)
  2 bullfrog skeletons (D:4)
  Jessica (D:2)
  An iguana (D:4)
  A worker ant (D:5)
  7 gnolls
  9 adders
  2 river rats (Sewer)
  3 oozes
  An adder skeleton (D:4)
  A worm (D:5)
  4 leopard geckos
  9 orcs
  4 ball pythons (Sewer)
  7 bats
  2 giant cockroaches
  8 goblins
  6 hobgoblins
  7 jackals
  3 quokkas
  3 frilled lizards
  18 kobolds
  27 rats
141 creatures vanquished.

Vanquished Creatures (collateral kills)
  A crimson imp (D:5)
  A jelly (D:5)
  An adder (Sewer)
  4 river rats (Sewer)
  2 jackals (D:5)
  3 kobolds (Sewer)
  A frilled lizard (Sewer)
  3 rats (Sewer)
16 creatures vanquished.

Grand Total: 157 creatures vanquished

Notes
Turn   | Place    | Note
-------+----------+-------------------------------------------
     0 | D:1      | raistware the Mummy Wizard began the quest for the Orb.
     0 | D:1      | Reached XP level 1. HP: 13/13 MP: 5/5
    51 | D:1      | Reached skill level 1 in Conjurations
   234 | D:1      | Reached XP level 2. HP: 19/19 MP: 0/7
   304 | D:1      | Learned a level 2 spell: Blink
   307 | D:1      | Learned a level 2 spell: Call Imp
   812 | D:1      | Reached XP level 3. HP: 24/24 MP: 4/8
   869 | D:1      | Learned a level 3 spell: Conjure Flame
  1730 | D:2      | Noticed a bullfrog
  1749 | D:2      | Killed a bullfrog
  1749 | D:2      | Reached XP level 4. HP: 18/30 MP: 0/10
  1930 | D:2      | Found a hide-covered altar of Uskayaw.
  2023 | D:2      | Found a faded altar of an unknown god.
  2099 | D:2      | Reached XP level 5. HP: 30/35 MP: 1/12
  2310 | D:2      | Found a deep blue altar of Sif Muna.
  2317 | D:2      | Noticed Jessica
  2319 | D:2      | Found a snail-covered altar of Cheibriados.
  2321 | D:2      | Became a worshipper of Sif Muna the Loreminder
  2327 | D:2      | Killed Jessica
  2401 | D:2      | Learned a level 3 spell: Mephitic Cloud
  2839 | D:3      | Reached skill level 5 in Spellcasting
  3398 | D:4      | Found a glowing drain.
  3407 | Sewer    | Entered a sewer
  3705 | Sewer    | Reached XP level 6. HP: 39/41 MP: 4/14
  4049 | Sewer    | Reached * piety under Sif Muna
  4255 | Sewer    | Reached skill level 5 in Conjurations
  4580 | D:4      | Reached XP level 7. HP: 42/46 MP: 13/16
  5145 | D:4      | Reached ** piety under Sif Muna
  5171 | D:4      | Found a shimmering altar of Xom.
  5519 | D:5      | Entered Level 5 of the Dungeon
  5547 | D:5      | Reached skill level 1 in Fire Magic
  5621 | D:5      | Noticed Squonk's ghost (novice BaIE)
  5925 | D:5      | Killed Squonk's ghost
  5925 | D:5      | Reached XP level 8. HP: 38/52 MP: 15/18
  5993 | D:5      | Learned a level 3 spell: Confuse
  6020 | D:5      | Noticed Edmund
  6032 | D:5      | Killed Edmund
  6273 | D:6      | Found a radiant altar of Vehumet.
  6289 | D:6      | Noticed Dowan
  6471 | D:6      | Mangled by a wight

Skill      XL: |  1  2  3  4  5  6  7  8 |
---------------+-------------------------+-----
Conjurations   | 1 2 3 4 5 6 7 |  7.1
Spellcasting   | 5 6 7 |  7.7
Fire Magic     | 2 |  2.7
Dodging        | |  1.5
Stealth        | |  1.5
Summonings     | |  0.7
Translocations | |  0.7

Action                   |  1- 3 |  4- 6 |  7- 9 || total
-------------------------+-------+-------+-------++-------
Melee: Whip              |     3 |       |       ||     3
       Dagger            |     6 |    58 |    62 ||   126
 Cast: Magic Dart        |    84 |   128 |   115 ||   327
       Conjure Flame     |     1 |     5 |    10 ||    16
       Call Imp          |       |    16 |    10 ||    26
       Mephitic Cloud    |       |     5 |     3 ||     8
       Blink             |       |       |     2 ||     2
       Confuse           |       |       |     1 ||     1
  Use: Scroll            |       |     2 |       ||     2
 Stab: Sleeping          |     2 |     2 |       ||     4
       Confused          |       |     4 |     2 ||     6
Armor: Robe              |     1 |    28 |    33 ||    62
Dodge: Dodged            |    12 |    58 |    78 ||   148
